 Dungeon Crawl Stone Soup version 0.26.0-3-g156281e41b (webtiles) character file.

Game seed: 6187475226435894177

518 trckry the Insei (level 7, -6/43 HPs)
             Began as an Octopode Transmuter on Jan 10, 2021.
             Mangled by an ogre
             ... wielding a +0 giant club
              (30 damage)
             ... on level 4 of the Dungeon.
             The game lasted 00:08:05 (4410 turns).

trckry the Insei (Octopode Transmuter)              Turns: 4410, Time: 00:08:06

Health: -6/43      AC:  1    Str: 10    XL:     7   Next: 21%
Magic:  10/10      EV: 14    Int: 16    God:
Gold:   264        SH:  0    Dex: 13    Spells: 9/10 levels left

rFire    . . .     SeeInvis .     - Unarmed
rCold    . . .     Faith    .   (no shield)
rNeg     . . .     Spirit   .   (helmet currently unavailable)
rPois    .         Reflect  .   (no amulet)
rElec    .         Harm     .   (no ring)
rCorr    .         Rampage  .   (no ring)
Will     .....                  (no ring)
Stlth    ++++......             (no ring)
HPRegen  0.14/turn              (no ring)
MPRegen  0.12/turn              (no ring)
                                (no ring)
                                (no ring)

@: appendages (expiring)
A: almost no armour, stealthy swim, amphibious, 8 rings, constrict 8, tentacle
spike 3, camouflage 1, gelatinous body 1
a: End Transformation


You were on level 4 of the Dungeon.
One of your tentacles had a temporary spike.
You visited 1 branch of the dungeon, and saw 4 of its levels.

You collected 264 gold pieces.

Inventory:

Jewellery
 s - a +4 ring of evasion
Wands
 c - a wand of digging (2)
 o - a wand of random effects (43)
 r - a wand of acid (7)
Scrolls
 d - a scroll of fear {unknown}
 e - 2 scrolls of remove curse {unknown}
 g - 7 scrolls of identify {unknown}
 h - 5 scrolls of teleportation {unknown}
 i - a scroll of fog {unknown}
 m - a scroll of amnesia {unknown}
 p - 3 scrolls of enchant weapon {unknown}
 q - a scroll of magic mapping {unknown}
Potions
 a - a potion of resistance {unknown}
 b - 2 potions of attraction {unknown}
 f - 2 potions of flight {unknown}
 j - a potion of magic {unknown}
 k - 2 potions of curing {unknown}
 l - 2 potions of lignification {unknown}
 n - 2 potions of haste {unknown}
 u - a potion of might {unknown}


   Skills:
 - Level 1.0 Fighting
 + Level 3.4 Dodging
 + Level 4.2 Stealth
 * Level 5.1 Unarmed Combat
 - Level 2.0 Spellcasting
 * Level 4.7 Transmutations


You had 9 spell levels left.
You knew the following spells:

 Your Spells              Type           Power        Failure   Level
a - Beastly Appendage     Tmut           32%          3%          1

Your spell library contained the following spells:

 Spells                   Type           Power        Failure   Level
 Wereblood                Tmut           16%          4%          2
 Spider Form              Tmut/Pois      4%           24%         3
 Ice Form                 Ice/Tmut       9%           61%         4
 Blade Hands              Tmut           8%           63%         5


Dungeon Overview and Level Annotations

Branches:
Dungeon (4/15)
 Temple: D:4-7

Altars:
Dithmenos
Hepliaklqana
Wu Jian
Xom


Innate Abilities, Weirdness & Mutations

You cannot wear most types of armour.
You are very stealthy in the water. (Stealth+)
You are amphibious.
You can wear up to eight rings at the same time.
You can use your tentacles to constrict eight enemies at once.
Your skin changes colour to match your surroundings (Stealth+).
Your rubbery body absorbs attacks. (AC +1, EV +1)
One of your tentacles bears a large vicious spike.


Message History

* * * LOW HITPOINT WARNING * * *
You feel much better. Something hits you but does no damage.
You hear some strange, mumbled words.
Something tries to affect you, but you resist.
You are confused.
An orc wizard appears from thin air!
Reactivating autopickup.
Your transformation is almost over.
You feel less confused.
You closely miss the orc wizard. Your grab misses the orc wizard.
The orc wizard is severely wounded.
The orc wizard hits you but does no damage.
You closely miss the orc wizard. You grab the orc wizard.
You pierce the orc wizard.
The orc wizard is severely wounded.
You constrict the orc wizard.
The orc wizard gestures at you while chanting.
The magic dart hits you!
The ogre hits you with a +0 giant club!!
Ouch! That really hurt!
You die...

#..O≈≈≈≈≈..#.####.# .#.......#
#...≈≈≈≈≈≈...# #.# .#.##...##
#(..=≈≈≈≈≈...# #?# .#.. #.#..#
#(..≈≈≈≈≈≈≈..# #O##.#.# #.##..
#...≈)≈≈≈≈≈..# #......###.###.
##...≈≈≈≈[≈..# #..##.###..###.
#..(≈≈≈≈≈P..######...###.##...
#..≈≈(≈≈≈≈≈...o###.####..##...
#..≈≈.≈≈≈≈...@O...............
#....≈≈≈≈≈≈....#.#####>.#....#
###[...P≈≈≈≈≈....# #.........
##..≈≈P≈≈≈.≈..## #..#..####
##..≈≈≈)≈≈≈### #.#..##
#(.≈≈.≈≈≈≈≈### ##..##
#......≈≈≈≈≈≈## #...#
#.##...≈≈≈≈≈≈≈# #.###
#........≈#≈#≈≈ #.########


You could see an ogre and an orc wizard.

Vanquished Creatures
  Duvessa (D:4)
  Dowan (D:4)
  2 howler monkeys (D:3)
  A centaur skeleton (D:2)
  An orc wizard (D:4)
  Ijyb (D:3)
  Natasha (D:4)
  6 adders
  An ooze (D:3)
  3 worms
  An adder skeleton (D:4)
  2 dart slugs
  3 leopard geckos
  4 orcs (D:4)
  8 bats
  6 giant cockroaches
  12 goblins
  11 hobgoblins
  7 jackals
  7 kobolds
  2 quokkas
  A ball python (D:2)
  3 frilled lizards
  12 rats
97 creatures vanquished.

Vanquished Creatures (others)
  14 plants (D:4)
14 creatures vanquished.

Grand Total: 111 creatures vanquished

Notes
Turn   | Place    | Note
-------+----------+-------------------------------------------
     0 | D:1      | trckry the Octopode Transmuter began the quest for the Orb.
     0 | D:1      | Reached XP level 1. HP: 13/13 MP: 3/3
   258 | D:1      | Reached XP level 2. HP: 17/18 MP: 5/5
   346 | D:1      | Reached skill level 1 in Stealth
   513 | D:1      | Reached XP level 3. HP: 23/23 MP: 6/6
  1684 | D:2      | Reached XP level 4. HP: 17/28 MP: 7/7
  1693 | D:2      | HP: 2/28 [centaur skeleton (2)]
  2202 | D:2      | Reached skill level 4 in Unarmed Combat
  2202 | D:2      | Reached XP level 5. HP: 27/33 MP: 8/8
  2996 | D:3      | Found a shimmering altar of Xom.
  3207 | D:3      | Reached XP level 6. HP: 34/38 MP: 9/9
  3217 | D:3      | Noticed Ijyb
  3226 | D:3      | Killed Ijyb
  3739 | D:4      | Noticed Duvessa
  3739 | D:4      | Noticed Dowan
  3754 | D:4      | Killed Duvessa
  3756 | D:4      | HP: 2/38 [Dowan/+0 dagger (4)]
  3759 | D:4      | Killed Dowan
  3760 | D:4      | Reached XP level 7. HP: 17/43 MP: 10/10
  3945 | D:4      | Found an ornate altar of the Wu Jian Council.
  3955 | D:4      | Found a shadowy altar of Dithmenos.
  3990 | D:4      | Found a hazy altar of Hepliaklqana.
  4088 | D:4      | Noticed Natasha
  4118 | D:4      | Reached skill level 5 in Unarmed Combat
  4386 | D:4      | Killed Natasha
  4393 | D:4      | HP: 2/43 [something (3)]
  4410 | D:4      | Mangled by an ogre

Illustrated notes

Levels and vault maps discovered:
D:1:      wander_arrival_abandoned_jail, layout_basic, minmay_split_cup_small
D:2:      layout_rooms
D:3:      layout_rooms, xom_teletrap_fun, uniq_ijyb
D:4:      layout_rooms, kennysheep_mini_moat, nicolae_overflow_crystal_walls,
          grunt_ministairs_8, chequers_big_river, grunt_dithmenos_smoke,
          uniq_duvessa, uniq_natasha

Skill      XL: |  1  2  3  4  5  6  7 |
---------------+----------------------+-----
Stealth        | 1 2 3 4 |  4.2
Transmutations | 3 4 |  4.7
Unarmed Combat | 4 5 |  5.1
Dodging        | 3 |  3.4
Fighting       | |  1.0
Spellcasting   | |  2.0

Action                   |  1- 3 |  4- 6 |  7- 9 || total
-------------------------+-------+-------+-------++-------
Melee: Unarmed           |    90 |   129 |    31 ||   250
       Constrict         |    26 |    27 |    10 ||    63
       Tentacles         |    14 |    24 |     8 ||    46
       Punch             |     2 |     3 |       ||     5
       Kick              |     1 |     4 |     1 ||     6
 Cast: Beastly Appendage |     1 |     3 |     2 ||     6
  Use: Potion            |       |     2 |     1 ||     3
 Stab: Sleeping          |     9 |     8 |       ||    17
       Distracted        |       |     1 |       ||     1
Armor: Skin              |    10 |    10 |       ||    20
Dodge: Dodged            |    62 |    79 |    17 ||   158
